 Dungeon Crawl Stone Soup version 0.31-a0-486-g8d68a81214 (webtiles) character file.

Game seed: 17843311686792251991

26639 grantps the Impaler (level 13, -27/125 HPs)
             Began as a Minotaur Berserker on Aug 8, 2023.
             Was a High Priest of Trog.
             Annihilated by a cane toad (51 damage)
             ... on level 3 of the Lair of Beasts.
             The game lasted 01:45:43 (11940 turns).

grantps the Impaler (Minotaur Berserker)           Turns: 11940, Time: 01:45:43

Health: -27/125    AC: 24    Str: 33    XL:     13   Next: 0%
Magic:  12/12      EV:  2    Int:  4    God:    Trog [*****.]
Gold:   718        SH:  0    Dex:  7    Spells: 12/12 levels left

rFire   . . .        q - +5 scythe (vamp)
rCold   . . .        (shield currently unavailable)
rNeg    + . .        J - +0 plate armour
rPois   .            (helmet restricted)
rElec   .            X - +1 cloak
rCorr   .            n - +0 pair of gloves
SInv    +            l - +1 pair of boots
Will    ++...        V - amulet of faith Stlth
                     r - ring of flight
HPRegen 1.40/turn    a - ring "Jeatuf" {rN+ Str+7 Dex-2 SInv}
MPRegen 0.13/turn

%: faith
@: about to teleport, sleeping, strong-willed, flying, regenerating, studying
Maces & Flails
A: horns 2, retaliatory headbutt, iridescent scales 1, clumsy 1
a: Renounce Religion, Berserk, Trog's Hand, Brothers in Arms


You were on level 3 of the Lair of Beasts.
You worshipped Trog.
Trog was extremely pleased with you.
You visited 2 branches of the dungeon, and saw 13 of its levels.

You collected 926 gold pieces.
You spent 208 gold pieces at shops.

Inventory:

Hand Weapons
 q - a +5 vampiric scythe (weapon)
 x - a +3 dagger of chaos
 L - a +2 scimitar of flaming
Missiles
 e - 90 stones
 s - 2 throwing nets
 Q - 5 poisoned darts (quivered)
Armour
 l - a +1 pair of boots (worn)
 n - a +0 pair of gloves (worn)
 I - +0 steam dragon scales
 J - a +0 plate armour (worn)
 X - a +1 cloak (worn)
Jewellery
 a - the ring "Jeatuf" (right hand) {rN+ Str+7 Dex-2 SInv}
   (You found it on level 3 of the Lair of Beasts)

   [ring of see invisible]

   Str:       It affects your strength (+7).
   Dex:       It affects your dexterity (-2).
   rN:        It protects you from negative energy.
   SInv:      It lets you see invisible.
 b - a ring of ice
 r - a ring of flight (left hand)
 t - a ring of fire
 M - a ring of see invisible
 T - a +6 ring of intelligence
 V - an amulet of faith (around neck)
Talismans
 W - a dragon-blood talisman
Wands
 h - a wand of acid (7)
 u - a wand of mindburst (16)
 H - a wand of flame (35)
 O - a wand of polymorph (17)
 P - a wand of paralysis (8)
Scrolls
 f - 5 scrolls of poison
 g - 2 scrolls of teleportation
 k - 4 scrolls of immolation
 w - 3 scrolls of noise {unknown}
 y - a scroll of enchant armour {unknown}
 C - 4 scrolls of vulnerability
 D - 5 scrolls of amnesia {unknown}
 E - 3 scrolls of fog {unknown}
 F - a scroll of fear {unknown}
 N - a scroll of acquirement {unknown}
 R - 4 scrolls of revelation {unknown}
 U - a scroll of silence {unknown}
 Z - a scroll of blinking {unknown}
Potions
 c - a potion of cancellation
 d - 2 potions of degeneration
 i - 2 potions of curing
 j - 3 potions of lignification
 m - a potion of invisibility {unknown}
 o - 3 potions of might
 p - a potion of resistance {unknown}
 z - 2 potions of brilliance
 A - 5 potions of haste
 B - 2 potions of berserk rage {unknown}
 G - 2 potions of attraction {unknown}
 K - 3 potions of enlightenment
 S - 2 potions of magic {unknown}


   Skills:
 * Level 14.8 Fighting
 - Level 8.4(12.8) Axes
 - Level 15.1(16.0) Polearms
 * Level 12.2 Armour
 + Level 6.1 Dodging
 - Level 5.0 Evocations


You had 12 spell levels left.
You didn't know any spells.
Your spell library contained the following spells:

 Spells                   Type           Power      Damage    Failure   Level
 Apportation              Tloc           0%         N/A       97%         1
 Blink                    Tloc           0%         N/A       99%         2
 Lesser Beckoning         Tloc           0%         N/A       99%         2
 Momentum Strike          Conj/Tloc      0%         3d8       99%         2
 Passage of Golubria      Tloc           0%         N/A       100%        4
 Alistair's Intoxication  Tmut/Pois      0%         N/A       100%        5
 Silence                  Hex/Air        0%         N/A       100%        5
 Lehudib's Crystal Spear  Conj/Erth      0%         10d2      100%        8


Dungeon Overview and Level Annotations

Branches:
Dungeon (10/15)            Temple (0/1) D:7            Lair (3/5) D:10
  Swamp: Lair:2-3    Shoals: Lair:2-3     Snake: Lair:2-3    Spider: Lair:2-3
    Orc: D:9-12

Altars:
Dithmenos
Fedhas
Qazlal
Yredelemnul
Zin
The Shining One
Jiyva

Shops:
D:5 *

Annotations:
D:6 1 transporter
D:8 2 transporters


Innate Abilities, Weirdness & Mutations

You have a pair of horns on your head.
You reflexively headbutt those who attack you in melee.
You are partially covered in iridescent scales. (AC +2)
You are clumsy. (Dex -2)


Message History

A dream sheep comes into view.
The dream sheep barely misses you. The cane toad stings you!
The dream sheep attacks as you move away!
The dream sheep bites you but does no damage.
The dream sheep are wreathed in dream dust.
You feel drowsy...
You fall asleep.
The cane toad stings you!!
You wake up.
* * * LOW HITPOINT WARNING * * *
The dream sheep bites you but does no damage.
Your skin crawls.
You feel strong-willed. The cane toad closely misses you.
The dream sheep bites you.
* * * LOW HITPOINT WARNING * * *
The dream sheep barely misses you. The dream sheep closely misses you.
Okay, then.
Okay, then.
As you read the scroll of teleportation, it crumbles to dust.
You feel strangely unstable. The cane toad stings you!
* * * LOW HITPOINT WARNING * * *
The dream sheep barely misses you.
The dream sheep bites you but does no damage.
The dream sheep barely misses you. The cane toad stings you.
* * * LOW HITPOINT WARNING * * *
You are poisoned.
The cane toad poisons you!
Okay, then.
You feel better.
The dream sheep bites you but does no damage. x2
The dream sheep bites you.
* * * LOW HITPOINT WARNING * * *
The cane toad closely misses you.
You feel better. The cane toad stings you.
* * * LOW HITPOINT WARNING * * *
The dream sheep bites you but does no damage. x2
The dream sheep closely misses you. You furiously retaliate!
You headbutt the dream sheep!
The dream sheep shake their wool and sparkle.
You feel drowsy...
You fall asleep.
The cane toad stings you!!!
You die...

###. ....... #...
..... ##... ...#
#.... #..## ##
#..... #...## ..
...#..###....##.#
...P.......YY.(#
.......<...@FY.##.#
#.....#.##..Y.....#
....##.####......#.#
... ## #.......# .
##......# #........
#...#.... ...#.#...
.......


You could see a cane toad and 4 dream sheep.

Vanquished Creatures
  Erica (D:10)
  2 hydras (Lair:2)
  4 two-headed ogres
  A centaur warrior (D:10)
  A catoblepas (Lair:2)
  3 bog bodies (Lair:2)
  Joseph (D:9)
  Maurice (D:9)
  3 cane toads
  A rime drake (Lair:1)
  Psyche (D:9)
  An unseen horror (D:10)
  2 komodo dragons
  The ghost of MisterAzrael the Chopper, an amateur HOFi of Jiyva (D:3)
  A polar bear (Lair:2)
  11 blink frogs
  2 hornets
  2 dream sheep (Lair:3)
  Prince Ribbit (D:5)
  Sigmund (D:3)
  A vampire (D:9)
  4 wyverns
  2 basilisks
  32 yaks
  5 steam dragons
  Edmund (D:5)
  A swamp worm (Lair:2)
  Duvessa (D:4)
  3 orc warriors
  11 water moccasins
  4 sky beasts
  2 black bears
  An ogre (D:6)
  3 centaurs
  4 phantoms
  A kobold brigand (D:8)
  6 bullfrogs
  A scorpion (D:7)
  Dowan (D:4)
  13 killer bees
  5 hounds
  4 jellies
  6 orc priests
  3 gnoll boudas
  6 iguanas
  11 orc wizards
  Robin (D:4)
  16 gnolls
  9 adders
  5 white imps
  3 ufetubi
  2 worms (D:2)
  2 dart slugs
  53 orcs
  2 bats
  3 endoplasms
  A giant cockroach (D:3)
  20 goblins
  7 hobgoblins
  4 quokkas
  6 ball pythons
  2 frilled lizards
  11 kobolds
  3 rats
323 creatures vanquished.

Vanquished Creatures (others)
  A wyvern (Lair:2)
  An orc priest (D:6)
  An orc (D:6)
3 creatures vanquished.

Grand Total: 326 creatures vanquished

Notes
Turn   | Place    | Note
-------+----------+-------------------------------------------
     0 | D:1      | grantps the Minotaur Berserker began the quest for the Orb.
     0 | D:1      | Reached XP level 1. HP: 19/19 MP: 0/0
    82 | D:1      | Reached XP level 2. HP: 21/27 MP: 1/1
   912 | D:2      | Reached XP level 3. HP: 27/33 MP: 2/2
  1334 | D:2      | Reached XP level 4. HP: 37/40 MP: 3/3
  1527 | D:3      | Reached ** piety under Trog
  1702 | D:3      | Found a faded altar of an unknown god.
  1702 | D:3      | Noticed a Hell Sentinel
  1746 | D:3      | Found a runed translucent door.
  1746 | D:3      | Noticed MisterAzrael's ghost (amateur HOFi)
  1761 | D:3      | Killed MisterAzrael's ghost
  1762 | D:3      | Reached skill level 5 in Fighting
  1762 | D:3      | Reached XP level 5. HP: 39/48 MP: 4/4
  1762 | D:3      | Reached XP level 6. HP: 45/56 MP: 5/5
  1905 | D:3      | Noticed Sigmund
  1931 | D:3      | Killed Sigmund
  2121 | D:4      | Reached XP level 7. HP: 55/61 MP: 6/6
  2391 | D:4      | Noticed Robin
  2416 | D:4      | Killed Robin
  2590 | D:4      | Noticed Duvessa
  2590 | D:4      | Noticed Dowan
  2602 | D:4      | Killed Duvessa
  2603 | D:4      | Reached skill level 5 in Armour
  2606 | D:4      | Killed Dowan
  2683 | D:4      | Found a blossoming altar of Fedhas.
  2733 | D:4      | Found a stormy altar of Qazlal.
  2922 | D:5      | Entered Level 5 of the Dungeon
  2922 | D:5      | Noticed Prince Ribbit
  2935 | D:4      | Reached skill level 5 in Dodging
  2935 | D:4      | Reached XP level 8. HP: 31/70 MP: 7/7
  3270 | D:4      | Found a glowing golden altar of the Shining One.
  3278 | D:4      | Found a glowing silver altar of Zin.
  3411 | D:4      | Reached *** piety under Trog
  3872 | D:5      | Reached skill level 1 in Polearms
  3919 | D:5      | Reached skill level 2 in Polearms
  3936 | D:5      | Killed Prince Ribbit
  3956 | D:5      | Reached skill level 10 in Fighting
  3956 | D:5      | Reached skill level 11 in Polearms
  3956 | D:5      | Reached XP level 9. HP: 86/86 MP: 8/8
  4145 | D:5      | Noticed Edmund
  4150 | D:5      | Killed Edmund
  4173 | D:5      | Found a basalt altar of Yredelemnul.
  4352 | D:5      | Found Wukouph's General Store.
  4355 | D:5      | Bought a scroll of teleportation for 39 gold pieces
  4355 | D:5      | Bought a potion of heal wounds for 65 gold pieces
  4355 | D:5      | Bought a potion of curing for 39 gold pieces
  4355 | D:5      | Bought a potion of heal wounds for 65 gold pieces
  4555 | D:6      | Reached XP level 10. HP: 94/94 MP: 9/9
  4729 | D:6      | Found a transporter.
  4792 | D:6      | Reached skill level 12 in Polearms
  4965 | D:6      | Found a transporter.
  6155 | D:7      | Found a staircase to the Ecumenical Temple.
  6362 | D:7      | Found a shadowy altar of Dithmenos.
  6366 | D:7      | Reached skill level 13 in Polearms
  6507 | D:7      | Reached **** piety under Trog
  6656 | D:8      | Reached skill level 14 in Polearms
  6673 | D:8      | Found a viscous altar of Jiyva.
  6674 | D:8      | Found a transporter.
  6861 | D:8      | Found a transporter.
  7091 | D:8      | Reached ***** piety under Trog
  7106 | D:8      | Reached XP level 11. HP: 102/102 MP: 10/10
  7395 | D:9      | Noticed Maurice
  7396 | D:9      | Paralysed by Maurice for 3 turns
  7404 | D:9      | Killed Maurice
  7471 | D:9      | Noticed a two-headed ogre
  7486 | D:9      | Killed a two-headed ogre
  7788 | D:9      | Noticed Psyche
  7803 | D:9      | Killed Psyche
  7821 | D:9      | Noticed Joseph
  7831 | D:9      | Killed Joseph
  8118 | D:10     | Entered Level 10 of the Dungeon
  8180 | D:10     | Noticed a two-headed ogre
  8187 | D:10     | Killed a two-headed ogre
  8255 | D:10     | Noticed a two-headed ogre
  8261 | D:10     | Killed a two-headed ogre
  8435 | D:10     | Noticed a two-headed ogre
  8438 | D:10     | Killed a two-headed ogre
  8508 | D:10     | Found a staircase to the Lair.
  8569 | D:10     | Noticed a centaur warrior
  8576 | D:10     | Killed a centaur warrior
  8577 | D:10     | Reached skill level 15 in Polearms
  8730 | D:10     | Noticed Erica
  8781 | D:10     | Paralysed by Erica for 2 turns
  8874 | D:10     | Paralysed by something for 2 turns
  8884 | D:10     | Paralysed by something for 3 turns
  8888 | D:10     | Killed Erica
  9496 | Lair:1   | Entered Level 1 of the Lair of Beasts
  9581 | Lair:1   | Reached skill level 10 in Armour
  9581 | Lair:1   | Reached XP level 12. HP: 70/115 MP: 11/11
 10267 | Lair:1   | Reached skill level 1 in Evocations
 10829 | Lair:2   | Noticed a six-headed hydra
 10838 | Lair:2   | Killed a 13-headed hydra
 11155 | Lair:2   | Noticed an eight-headed hydra
 11175 | Lair:2   | Noticed a catoblepas
 11182 | Lair:2   | Killed a 15-headed hydra
 11229 | Lair:2   | Killed a catoblepas
 11230 | Lair:2   | Reached skill level 5 in Evocations
 11496 | Lair:2   | Gained mutation: Your mind is acute. (Int +4, Str/Dex -1)
                  | [potion of mutation]
 11496 | Lair:2   | Gained mutation: Your mind is very acute. (Int +8, Str/Dex
                  | -2) [potion of mutation]
 11496 | Lair:2   | Gained mutation: You have hidden genetic potential. [potion
                  | of mutation]
 11497 | Lair:2   | Lost mutation: Your mind is very acute. (Int +8, Str/Dex
                  | -2) [potion of mutation]
 11497 | Lair:2   | Lost mutation: Your mind is acute. (Int +4, Str/Dex -1)
                  | [potion of mutation]
 11497 | Lair:2   | Gained mutation: You occasionally shout uncontrollably at
                  | your foes. [potion of mutation]
 11497 | Lair:2   | Gained mutation: You are partially covered in iridescent
                  | scales. (AC +2) [potion of mutation]
 11498 | Lair:2   | Lost mutation: You have hidden genetic potential. [potion
                  | of mutation]
 11498 | Lair:2   | Lost mutation: You occasionally shout uncontrollably at
                  | your foes. [potion of mutation]
 11498 | Lair:2   | Lost mutation: You are partially covered in iridescent
                  | scales. (AC +2) [potion of mutation]
 11498 | Lair:2   | Gained mutation: You are clumsy. (Dex -2) [potion of
                  | mutation]
 11498 | Lair:2   | Gained mutation: You are partially covered in iridescent
                  | scales. (AC +2) [potion of mutation]
 11916 | Lair:3   | Identified the ring "Jeatuf" {rN+ Str+7 Dex-2 SInv}
 11932 | Lair:3   | Reached XP level 13. HP: 57/125 MP: 12/12
 11937 | Lair:3   | HP: 6/125 [cane toad (4)]
 11940 | Lair:3   | Annihilated by a cane toad

Illustrated notes

Levels and vault maps discovered:
D:1:      minmay_arrival_loop, layout_rooms
D:2:      layout_basic, nicolae_half_adder
D:3:      layout_basic, ebering_ghost_inner_flame,
          dreamdust_ecumenical_altar_sealed_demon, uniq_sigmund
D:4:      layout_basic, grunt_temple_overflow_forces_of_nature,
          jmf_multi_god_temple, minmay_manual_mess, uniq_duvessa, uniq_robin
D:5:      layout_basic, mainiacjoe_overflow_alcove_1, serial_shops, shop,
          dreamdust_mushroom_princess, minmay_misc_feat_enclosed,
          minmay_starry_boxes, uniq_prince_ribbit1, uniq_edmund
D:6:      gammafunk_steamed_eel, layout_basic
D:7:      layout_basic, grunt_dithmenos_shadows, minmay_temple_entry_glass,
          minmay_misc_feat_plants
D:8:      gammafunk_jiyva_shrine, layout_loops_ring, special_room
          [special_room_orc]
D:9:      layout_cave_pools, uniq_maurice, uniq_psyche, uniq_joseph
D:10:     layout_cave_pods, lair_entry_dummy, serial_column_ruins,
          column_ruins_hut_pillars, column_ruins_columns_corner,
          column_ruins_open_large, column_ruins_open_small_water,
          column_ruins_open_small, column_ruins_grid_3, minmay_misc_feat_alley,
          uniq_erica
Lair:1:   layout_layer_cave
Lair:2:   layout_regular_city, nicolae_swamp_entry_splash_gauntlet,
          serial_bayou_pond_e, nzn_random_ring
Lair:3:   layout_layer_cave, guppyfry_snake_entry_island,
          portal_ice_cave_entry_animals_and_master, grunt_megastairs_2

Skill      XL: |  1  2  3  4  5  6  7  8  9 10 11 12 |
---------------+-------------------------------------+-----
Axes           | 4 6 8 |  8.4
Fighting       | 4 5 6 10 11 13 14 | 14.8
Armour         | 3 4 5 6 10 12 | 12.2
Dodging        | 3 4 5 6 |  6.1
Polearms       | 11 14 15 | 15.1
Evocations     | 5 |  5.0

Action                     |  1- 3 |  4- 6 |  7- 9 | 10-12 | 13-15 || total
---------------------------+-------+-------+-------+-------+-------++-------
  Melee: Hand axe          |    61 |    53 |   127 |       |       ||   241
         Headbutt          |     6 |     7 |    25 |   102 |       ||   140
         Punch             |     1 |       |     1 |       |       ||     2
         Halberd           |       |       |    57 |   620 |     2 ||   679
  Throw: Stone             |       |       |     2 |       |       ||     2
         Dart              |       |       |       |     2 |       ||     2
 Invoke: Berserk           |       |     1 |     3 |     2 |       ||     6
         Trog's Hand       |       |     1 |     2 |     1 |     1 ||     5
    Use: Scroll            |       |       |     4 |     8 |     1 ||    13
         Potion            |       |       |     1 |     9 |     2 ||    12
   Stab: Petrified         |       |       |       |     1 |       ||     1
 Armour: Animal skin       |     2 |       |       |       |       ||     2
         Ring mail         |    19 |       |       |       |       ||    19
         Scale mail        |       |    15 |    49 |       |       ||    64
         Chain mail        |       |       |    31 |    16 |       ||    47
         Plate armour      |       |       |       |   258 |     8 ||   266
  Dodge: Dodged            |    31 |    35 |    85 |   217 |     8 ||   376

Table legend: (Time is in decaauts)
 A = Elapsed time spent in this place.
 B = Non-inter-level travel time spent in this place.
 C = Inter-level travel time spent in this place.
 D = Time resting spent in this place.
 E = Time spent auto-exploring this place.
 F = Levels seen in this place.
 G = Mean time per level.
                   A        B        C        D        E       F      G
               +--------+--------+--------+--------+--------+-----+--------+
         Total |  11855 |  11589 |    266 |   1733 |   6382 |  13 |  911.9 |
       Dungeon |   9469 |   9254 |    215 |   1321 |   5327 |  10 |  946.9 |
          Lair |   2385 |   2334 |     51 |    412 |   1055 |   3 |  795.0 |
               +--------+--------+--------+--------+--------+-----+--------+

Top non-repeatable levels by time:
     D:4: 1523 daAuts
  Lair:2: 1312 daAuts
    D:10: 1302 daAuts
  Lair:1: 1050 daAuts
     D:7: 1049 daAuts
     D:6: 903 daAuts
     D:5: 851 daAuts
     D:8: 843 daAuts
     D:3: 803 daAuts
     D:9: 779 daAuts
     D:2: 775 daAuts
     D:1: 635 daAuts
  Lair:3: 23 daAuts
